 Dungeon Crawl Stone Soup version 0.23.2 (webtiles) character file.

Game seed: 18259106709215121023

1843 Marnok the Twirler (level 8, -4/67 HPs)
             Began as a Demonspawn Gladiator on Apr 3, 2019.
             Was a Follower of Qazlal.
             Slain by an iguana (12 damage)
             ... on level 7 of the Dungeon.
             The game lasted 00:16:31 (5542 turns).

Marnok the Twirler (Demonspawn Gladiator)           Turns: 5542, Time: 00:16:31

Health: -4/67      AC:  9    Str: 17    XL:     8   Next: 88%
Magic:  8/8        EV: 14    Int:  9    God:    Qazlal [*.....]
Gold:   177        SH:  6    Dex: 17    Spells: 7/7 levels left

rFire    . . .     SeeInvis .   a - +1 quarterstaff
rCold    . . .     Gourm    .   (shield currently unavailable)
rNeg     . . .     Faith    .   t - +2 leather armour {MR+}
rPois    .         Spirit   .   (helmet restricted)
rElec    .         Reflect  .   (no cloak)
rCorr    .         Harm     .   c - +0 pair of gloves
MR       +....                  r - +2 pair of boots {run}
Stlth    +++.......             (no amulet)
HPRegen  0.21/turn              b - ring of stealth
MPRegen  0.11/turn              (no ring)

@: quick
A: horns 1, talons 1, large bone plates 1, demonic guardian 1, powered by pain
1, robust 1, strong 1
a: Renounce Religion


You were on level 7 of the Dungeon.
You worshipped Qazlal.
Qazlal was aware of your devotion.
You were hungry.

You visited 1 branch of the dungeon, and saw 7 of its levels.

You collected 177 gold pieces.

Inventory:

Hand Weapons
 a - a +1 quarterstaff (weapon)
Missiles
 d - a throwing net
 u - a silver javelin (quivered)
Armour
 c - a +0 pair of gloves (worn)
 r - a +2 pair of boots of running (worn)
 s - a +2 shield
 t - a +2 leather armour of magic resistance (worn)
Jewellery
 b - a ring of stealth (left hand)
Wands
 x - a wand of clouds (5)
Scrolls
 e - 4 scrolls of remove curse
 g - a scroll of holy word {unknown}
 h - 2 scrolls of amnesia
 k - 2 scrolls of noise
 l - 2 scrolls of random uselessness
 m - a scroll of fear
 w - a scroll of identify
Potions
 i - 3 potions of flight
 j - 2 potions of magic
 n - a potion of lignification
 o - a potion of mutation
 p - 2 potions of degeneration
Comestibles
 f - 16 rations
 v - 6 chunks of flesh


   Skills:
 + Level 4.9 Fighting
 + Level 7.7 Staves
 + Level 2.2 Throwing
 + Level 3.2 Armour
 + Level 4.7 Dodging
 + Level 2.2 Stealth
 + Level 1.8 Shields


You had 7 spell levels left.
You didn't know any spells.
Your spell library was empty.

Dungeon Overview and Level Annotations

Branches:
Dungeon (7/15)             Temple (0/1) D:6

Altars:
Elyvilon
Hepliaklqana
Qazlal

Shops:
D:7 (


Innate Abilities, Weirdness & Mutations

You have a pair of small horns on your head.
You are partially covered in large bone plates. (SH +4)
A weak demonic guardian rushes to your aid.
You sometimes gain a little power by taking damage.
You have sharp toenails.
You are robust. (+10% HP)
Your muscles are strong. (Str +2)


Message History

* * * LOW HITPOINT WARNING * * *
The centaur shoots an arrow.
The arrow hits you!
* * * LOW HITPOINT WARNING * * *
Your shadow imp hits the spriggan baker.
The spriggan baker dies!
Qazlal accepts your kill.
As you read the scroll of teleportation, it crumbles to dust.
You feel strangely unstable.
The centaur shoots an arrow.
The arrow hits you.
* * * LOW HITPOINT WARNING * * *
The centaur shoots an arrow.
You block the arrow.
You see here an arrow.
Your surroundings suddenly seem different.
An iguana comes into view.
A hungry ghost comes into view.
Found a whip.
You barely miss the hungry ghost. Your headbutt misses the hungry ghost.
The hungry ghost hits you.
You are feeling hungry.
You closely miss the hungry ghost. You block the hungry ghost's attack.
The iguana bites you!
You die...

#........#
.........#
#......).#
#........#
#........#
#........#
#.....☼Wl#
#......@.#
.
####.#####
# . .


You could see a hungry ghost and an iguana.

Vanquished Creatures
  Joseph (D:7)
  2 sky beasts
  A phantom (D:4)
  An orc warrior (D:7)
  3 bullfrogs
  4 scorpions
  A crimson imp (D:5)
  2 bullfrog zombies
  A centaur zombie (D:5)
  4 hounds
  2 orc priests
  2 iguanas
  4 worker ants
  A killer bee zombie (D:6)
  2 hound zombies
  8 adders
  A shadow imp (D:6)
  An adder skeleton (D:6)
  2 worms (D:2)
  4 dart slugs
  4 leopard geckos
  11 orcs
  3 bats
  4 giant cockroaches
  2 hobgoblins
  4 jackals (D:1)
  5 kobolds
  4 quokkas
  3 ball pythons
  6 frilled lizards
  4 goblins
  2 jackal skeletons
  A quokka zombie (D:6)
  7 rats
107 creatures vanquished.

Vanquished Creatures (collateral kills)
  A spriggan (D:7)
  An ogre (D:7)
  An iguana (D:7)
3 creatures vanquished.

Grand Total: 110 creatures vanquished

Notes
Turn   | Place    | Note
-------+----------+-------------------------------------------
     0 | D:1      | Marnok the Demonspawn Gladiator began the quest for the
                  | Orb.
     0 | D:1      | Reached XP level 1. HP: 16/16 MP: 1/1
   158 | D:1      | Gained mutation: You have a pair of small horns on your
                  | head. [demonic ancestry]
   158 | D:1      | Reached XP level 2. HP: 19/22 MP: 2/2
   249 | D:1      | Reached skill level 3 in Staves
   661 | D:1      | Gained mutation: You are partially covered in large bone
                  | plates. (SH +4) [demonic ancestry]
   661 | D:1      | Reached XP level 3. HP: 27/27 MP: 3/3
   737 | D:1      | You fall through a shaft!
  1343 | D:2      | Gained mutation: Your muscles are strong. (Str +2) [potion
                  | of mutation]
  1343 | D:2      | Gained mutation: You have sharp toenails. [potion of
                  | mutation]
  1343 | D:2      | Gained mutation: You are robust. (+10% HP) [potion of
                  | mutation]
  1476 | D:3      | Found a white marble altar of Elyvilon.
  1504 | D:3      | Reached XP level 4. HP: 33/37 MP: 4/4
  1547 | D:3      | Found a stormy altar of Qazlal.
  1555 | D:3      | Became a worshipper of Qazlal Stormbringer
  2374 | D:4      | Reached skill level 1 in Armour
  2441 | D:4      | Noticed a phantom
  2466 | D:4      | Killed a phantom
  2466 | D:4      | Reached skill level 4 in Staves
  2466 | D:4      | Reached skill level 1 in Stealth
  2466 | D:4      | Reached XP level 5. HP: 17/42 MP: 5/5
  2673 | D:4      | Identified a +2 pair of boots of running (You found it on
                  | level 4 of the Dungeon)
  2990 | D:4      | Gained mutation: You sometimes gain a little power by
                  | taking damage. [demonic ancestry]
  2990 | D:4      | Reached XP level 6. HP: 23/50 MP: 6/6
  3635 | D:5      | Entered Level 5 of the Dungeon
  3734 | D:5      | Reached skill level 5 in Staves
  3736 | D:5      | Gained mutation: A weak demonic guardian rushes to your
                  | aid. [demonic ancestry]
  3736 | D:5      | Reached XP level 7. HP: 43/57 MP: 7/7
  4043 | D:5      | Found a hazy altar of Hepliaklqana.
  4549 | D:6      | Reached * piety under Qazlal
  4607 | D:6      | Reached skill level 6 in Staves
  4616 | D:6      | Reached XP level 8. HP: 40/66 MP: 8/8
  5106 | D:6      | Found a staircase to the Ecumenical Temple.
  5364 | D:7      | Noticed Joseph
  5386 | D:7      | Killed Joseph
  5386 | D:7      | Reached skill level 7 in Staves
  5386 | D:7      | Reached skill level 1 in Shields
  5463 | D:7      | Found Qyla Die's Weapon Shoppe.
  5542 | D:7      | Slain by an iguana

Skill      XL: |  1  2  3  4  5  6  7  8 |
---------------+-------------------------+-----
Dodging        | 3 4 |  4.7
Staves         | 3 4 5 6 7 |  7.7
Armour         | 1 2 3 |  3.2
Stealth        | 1 2 |  2.2
Fighting       | 3 4 |  4.9
Throwing       | 2 |  2.2
Shields        | 1 |  1.8

Action                   |  1- 3 |  4- 6 |  7- 9 || total
-------------------------+-------+-------+-------++-------
Melee: Quarterstaff      |    93 |   122 |   146 ||   361
       Headbutt          |    12 |    22 |    31 ||    65
       Kick              |     1 |     7 |       ||     8
Throw: Javelin           |       |       |     5 ||     5
       Throwing net      |       |       |     2 ||     2
  Use: Scroll            |     8 |     1 |     9 ||    18
       Potion            |     1 |     3 |     1 ||     5
 Stab: Sleeping          |     2 |     3 |     1 ||     6
  Eat: Chunk             |     1 |     7 |     6 ||    14
Armor: Leather armour    |    36 |    24 |    36 ||    96
Dodge: Dodged            |    89 |    87 |    78 ||   254
Block: Other             |     9 |    22 |    45 ||    76
